 Dungeon Crawl Stone Soup version 0.23.2-1-ga50397a (webtiles) character file.

Game seed: 6434957013323892404

36892 xveg the Archer (level 13, -1/118 HPs)
             Began as a Deep Dwarf Hunter on May 15, 2019.
             Was an Initiate of Makhleb.
             Slain by a yak (4 damage)
             ... on level 3 of the Lair of Beasts.
             The game lasted 01:31:33 (15848 turns).

xveg the Archer (Deep Dwarf Hunter)                Turns: 15848, Time: 01:31:34

Health: -1/118     AC: 17    Str: 19    XL:     13   Next: 55%
Magic:  0/0        EV: 11    Int:  9    God:    Makhleb [......]
Gold:   510        SH:  4    Dex: 23    Spells: 12/12 levels left

rFire    + + .     SeeInvis +   b - +3 shortbow (flame)
rCold    + . .     Gourm    .   (shield currently unavailable)
rNeg     + + .     Faith    .   y - +4 chain mail of the Enchanted Forest {rF+ Dex+6}
rPois    +         Spirit   .   Y - +0 helmet
rElec    +         Reflect  +   K - +2 cloak of Plasticity {rC+}
rCorr    .         Harm     .   D - +0 pair of gloves
MR       +....                  (no boots)
Stlth    ..........             g - amulet of Quginwil {Reflect rPois SH+4 SInv}
HPRegen  0.00/turn              l - +5 ring of slaying
MPRegen  0.07/turn              U - ring of Doicitips {+Fly rElec rF+ rN++ Int-4 Dex+3}

@: non-regenerating
A: damage resistance, heal wounds, deformed body, mutation resistance 1, sense
surroundings 2, no regeneration
a: Heal Wounds, Renounce Religion, Evoke Flight


You were on level 3 of the Lair of Beasts.
You worshipped Makhleb.
Makhleb was noncommittal.
You were full.

You visited 4 branches of the dungeon, and saw 18 of its levels.
You also visited: Sewer and Volcano.

You collected 3622 gold pieces.
You spent 2112 gold pieces at shops.
You paid 1000 gold pieces to Gozag.

Inventory:

Hand Weapons
 a - the +10 war axe of Unaeckun {flame, +Inv rPois MR++}
   (You found it on level 8 of the Dungeon)

   It has been specially enchanted to burn those struck by it, causing extra
   injury to most foes and up to half again as much damage against particularly
   susceptible opponents.
   Big, fiery blades are also staple armaments of hydra-hunters.
   It protects you from poison.
   It affects your resistance to hostile enchantments.
   It lets you turn invisible.
 b - a +3 shortbow of flaming (weapon)
 e - the +4 long sword "Jiuniuq" {slice, rN+++, unknown}
   (You found it on level 3 of the Lair of Beasts)

   It inflicts extra damage upon your enemies.
   It renders you almost immune to negative energy.
 G - the +1 hand axe of the Sky {chop, +Blink MP+9 Str+3}
   (You found it on level 4 of the Dungeon)

   It inflicts extra damage upon your enemies.
   It affects your strength (+3).
   It affects your magic capacity (+9).
   It lets you blink.
 X - a +7 blowgun
Missiles
 i - 46 arrows (quivered)
 s - 124 bolts
 w - 400 stones
Armour
 y - the +4 chain mail of the Enchanted Forest (worn) {rF+ Dex+6}
   (You found it on level 11 of the Dungeon)

   It affects your dexterity (+6).
   It protects you from fire.
 C - a +0 cloak of fire resistance
 D - a +0 pair of gloves (worn)
 K - the +2 cloak of Plasticity (worn) {rC+}
   (You found it on level 5 of the Dungeon)

   It protects you from cold.
 L - a +4 ring mail of fire resistance
 N - a +0 chain mail
 Y - a +0 helmet (worn)
Jewellery
 d - a +4 ring of intelligence
 g - the amulet of Quginwil (around neck) {Reflect rPois SH+4 SInv}
   (You bought it in a shop on level 2 of the Lair of Beasts)

   [amulet of reflection]

   It shields you and reflects attacks.
   It protects you from poison.
   It lets you see invisible.
   It affects your SH (+4).
 l - a +5 ring of slaying (left hand)
 m - an uncursed ring of protection from fire
 n - an uncursed ring of poison resistance
 p - an uncursed amulet of magic regeneration
 J - an uncursed ring of see invisible
 M - an uncursed ring of wizardry
 O - an uncursed amulet of rage
 U - the ring of Doicitips (right hand) {+Fly rElec rF+ rN++ Int-4 Dex+3}
   (You found it on level 9 of the Dungeon)

   [ring of protection from fire]

   It affects your intelligence (-4).
   It affects your dexterity (+3).
   It protects you from fire.
   It insulates you from electricity.
   It greatly protects you from negative energy.
   It lets you fly.
 V - an uncursed ring of fire {unknown}
Wands
 k - a wand of enslavement (6)
 q - a wand of disintegration (24)
 v - a wand of iceblast (19)
 x - a wand of paralysis (10)
 P - a wand of scattershot (8)
 R - a wand of polymorph (7)
 T - a wand of digging (7)
 Z - a wand of acid (16)
Scrolls
 j - 5 scrolls of fear
 A - a scroll of blinking
 F - 6 scrolls of teleportation
 Q - 3 scrolls of summoning
 S - 2 scrolls of fog
 W - 3 scrolls of magic mapping
Potions
 c - 2 potions of cancellation
 h - 3 potions of brilliance
 o - 5 potions of curing
 r - a potion of magic {unknown}
 t - 3 potions of flight
 u - a potion of berserk rage
 z - 2 potions of resistance
 B - a potion of invisibility
 E - 2 potions of might
 H - 3 potions of agility
 I - a potion of lignification
Comestibles
 f - 14 rations


   Skills:
 + Level 8.7 Fighting
   Level 2.3 Short Blades
 + Level 9.0 Axes
 * Level 12.8 Bows
   Level 7.3 Crossbows
 + Level 1.2 Throwing
 + Level 8.1 Armour
 + Level 5.5 Dodging
 + Level 3.4 Stealth
 + Level 0.1 Evocations


You had 12 spell levels left.
You didn't know any spells.
Your spell library contained the following spells:

 Spells                   Type           Power        Failure   Level  Hunger
 Animate Skeleton         Necr           N/A          98%         1    ##.....
 Apportation              Tloc           #.....       98%         1    ##.....
 Beastly Appendage        Tmut           #.....       98%         1    ##.....
 Confusing Touch          Hex            #.....       98%         1    ##.....
 Infusion                 Chrm           #...         98%         1    ##.....
 Summon Small Mammal      Summ           #...         98%         1    ##.....
 Poisonous Vapours        Pois/Air       #.....       99%         2    ###....
 Shroud of Golubria       Chrm/Tloc      #.........   99%         2    ###....
 Sticks to Snakes         Tmut           #.......     99%         2    ###....
 Conjure Flame            Conj/Fire      #.......     100%        3    ####...
 Mephitic Cloud           Conj/Pois/Air  #.......     100%        3    ####...
 Spider Form              Tmut/Pois      #.........   100%        3    ####...
 Static Discharge         Conj/Air       #.......     100%        3    ####...
 Ice Form                 Ice/Tmut       #.......     100%        4    #####..
 Blade Hands              Tmut           #.........   100%        5    ######.
 Bolt of Magma            Conj/Fire/Erth #.........   100%        5    ######.
 Lightning Bolt           Conj/Air       #.........   100%        5    ######.
 Deflect Missiles         Chrm/Air       #.........   100%        6    #######
 Freezing Cloud           Conj/Ice/Air   #.........   100%        6    #######
 Iron Shot                Conj/Erth      #.........   100%        6    #######
 Ring of Flames           Chrm/Fire      #.........   100%        7    #######
 Ignition                 Fire           #.........   100%        8    #######
 Shatter                  Erth           #.........   100%        9    #######
 Tornado                  Air            #.........   100%        9    #######


Dungeon Overview and Level Annotations

Branches:
Dungeon (12/15)            Temple (1/1) D:7            Lair (4/6) D:10
 Shoals (1/4) Lair:3          Orc (0/2) D:12
  Snake: Lair:2-4    Spider: Lair:2-4

Altars:
Ashenzari
Cheibriados
Dithmenos
Elyvilon
Fedhas
Gozag
Hepliaklqana
Kikubaaqudgha
Makhleb
Nemelex Xobeh
Okawaru
Qazlal
Ru
Sif Muna
Trog
Uskayaw
Vehumet
Wu Jian
Xom
Yredelemnul
Zin
The Shining One

Shops:
D:5 (   D:7 **(*?   D:10 ?   Lair:2 =

Annotations:
D:10 1 runed translucent door
Lair:3 exclusion: oklob plant


Innate Abilities, Weirdness & Mutations

You are resistant to damage.
You can heal yourself by infusing magical energy.
You passively map the area around you.
You do not regenerate.
Armour fits poorly on your strangely shaped body.
You are somewhat resistant to further mutation.


Message History

Makhleb accepts your kill.
You hear a bellow!
Firing (i - inventory. (/) - cycle)
i - 47 arrows (quivered)
Press: ? - help, Shift-Dir - straight line, f - yak
Aim: a yak (berserk, fast, unusually strong, incited by Gozag)
You shoot an arrow. The arrow hits the yak.
The arrow burns the yak.
The yak is lightly wounded.
The yak gores you!!
* * * LOW HITPOINT WARNING * * *
The yak barely misses you. The yak gores you but does no damage.
You hear a bellow!
As you read the scroll of fear, it crumbles to dust.
You assume a fearsome visage.
The death yak looks frightened!
The yak closely misses you. The yak gores you!
* * * LOW HITPOINT WARNING * * *
The yak rages.
The yak gores you!
You die...

#......(..####
#...(........##
#.((.##.#.#...#
#..######.....####
#..######.P#..#..#
#Y..##............
##..###..#..#.##...
###.Y.###..#.##.##.##
##.#.@.##.....#..##.##
#......P.#.#..#..##..#
##.........P....<##.##
#.##.....P.P..####.##
#.##...#..P#.## #...
### ###..##.###.####
###.
#.#####...###.....# ##
#.................##
#.#..#.#P..##..#...#
#####


You could see a death yak (berserk) and a yak (berserk).

Vanquished Creatures
  Rupert (D:12)
  Snorg (D:12)
  3 hydras
  2 death yaks
  2 two-headed ogres
  6 wizards
  Pikel (D:6)
  An ugly thing (D:12)
  5 toenail golems (Volcano)
  A cyclops (D:11)
  5 black mambas
  5 spiny frogs
  3 komodo dragons
  4 trolls
  A hornet (D:10)
  A merfolk (Shoals:1)
  3 slime creatures (D:12)
  3 hippogriffs
  13 blink frogs
  2 spriggans
  Sigmund (D:2)
  A shadow (D:11)
  4 wyverns
  25 yaks
  Eustachio (D:6)
  A basilisk (Lair:2)
  2 hungry ghosts
  A vampire mosquito (D:11)
  A warg (D:10)
  5 water moccasins
  5 sky beasts
  4 porcupines
  2 black bears
  5 orc warriors
  An eye of draining (D:11)
  2 necrophages (D:11)
  5 phantoms
  2 centaurs
  4 ogres
  5 wolves (Lair:2)
  10 crocodiles
  Blork the orc (D:6)
  2 big kobolds
  7 bullfrogs
  2 wyvern skeletons
  3 scorpions
  A water moccasin skeleton (D:6)
  19 killer bees
  2 howler monkeys
  4 crimson imps
  4 bullfrog zombies
  A centaur zombie (D:11)
  A quasit (D:8)
  14 orc priests
  3 bullfrog skeletons
  2 gnoll shamans
  6 hounds
  3 jellies
  Jessica (D:2)
  5 iguanas
  Ijyb (D:3)
  17 orc wizards
  8 worker ants
  A hound zombie (D:8)
  A worker ant zombie (D:7)
  11 gnolls
  14 adders
  3 river rats (Sewer)
  6 shadow imps
  2 oozes
  An adder skeleton (D:6)
  2 adder zombies (D:6)
  4 worms
  2 dart slugs (D:1)
  4 leopard geckos
  32 orcs
  4 giant cockroaches
  5 goblins
  2 hobgoblins (D:1)
  11 jackals
  7 quokkas
  4 ball pythons
  5 bats
  9 frilled lizards
  36 kobolds
  A leopard gecko skeleton (D:4)
  A quokka skeleton (D:5)
  33 rats
458 creatures vanquished.

Vanquished Creatures (collateral kills)
  A warg (D:10)
  A centaur (D:10)
  An orc priest (D:10)
  An orc wizard (D:10)
4 creatures vanquished.

Vanquished Creatures (others)
  A dancing weapon (Volcano)
  2 bushes (Lair:3)
  3 fungi (Lair:3)
  5 plants
11 creatures vanquished.

Grand Total: 473 creatures vanquished

Notes
Turn   | Place    | Note
-------+----------+-------------------------------------------
     0 | D:1      | xveg the Deep Dwarf Hunter began the quest for the Orb.
     0 | D:1      | Reached XP level 1. HP: 19/19 MP: 1/1
    43 | D:1      | Reached XP level 2. HP: 24/26 MP: 2/2
    50 | D:1      | Reached skill level 5 in Crossbows
   610 | D:2      | Noticed Jessica
   616 | D:2      | Killed Jessica
   616 | D:2      | Reached XP level 3. HP: 30/32 MP: 3/3
   623 | D:2      | You fall through a shaft!
   766 | D:3      | Found a glowing drain.
   783 | D:3      | Reached XP level 4. HP: 35/39 MP: 4/4
   898 | D:2      | Reached skill level 1 in Armour
  1057 | Sewer    | Entered a sewer
  1246 | Sewer    | Reached XP level 5. HP: 37/46 MP: 3/3
  2063 | D:2      | Noticed Sigmund
  2092 | D:2      | Killed Sigmund
  2092 | D:2      | Reached skill level 1 in Short Blades
  2092 | D:2      | Reached XP level 6. HP: 46/56 MP: 4/4
  2347 | D:3      | Noticed Ijyb
  2398 | D:3      | Killed Ijyb
  3186 | D:4      | Reached XP level 7. HP: 19/62 MP: 3/3
  3226 | D:4      | Got a scorched hand axe
  3227 | D:4      | Identified the +1 hand axe of the Sky {chop, +Blink MP+9
                  | Str+3} (You found it on level 4 of the Dungeon)
  3810 | D:5      | Entered Level 5 of the Dungeon
  3873 | D:5      | Found Ugikubeg's Antique Weapon Boutique.
  3972 | D:5      | Found a hide-covered altar of Uskayaw.
  3972 | D:5      | Found a white marble altar of Elyvilon.
  3973 | D:5      | Found an opulent altar of Gozag.
  3995 | D:5      | Became a worshipper of Gozag Ym Sagoz the Greedy
  4094 | D:5      | Reached skill level 1 in Axes
  4263 | D:5      | Found a blossoming altar of Fedhas.
  4273 | D:5      | Got a steaming cloak
  4279 | D:5      | Identified the +2 cloak of Plasticity {rC+} (You found it
                  | on level 5 of the Dungeon)
  4365 | D:5      | Reached XP level 8. HP: 56/72 MP: 3/3
  4448 | D:5      | Found a shimmering altar of Xom.
  4570 | D:5      | Bought a runed shortbow for 162 gold pieces
  4612 | D:6      | Reached skill level 1 in Throwing
  4642 | D:6      | Reached skill level 1 in Bows
  4846 | D:6      | Noticed Eustachio
  4857 | D:6      | Killed Eustachio
  4857 | D:6      | Reached skill level 2 in Bows
  4970 | D:6      | Reached skill level 3 in Bows
  5380 | D:6      | Noticed Pikel
  5395 | D:6      | Killed Pikel
  5395 | D:6      | Reached skill level 4 in Bows
  5395 | D:6      | Gained mutation: You passively map the area around you.
                  | [Deep Dwarf growth]
  5395 | D:6      | Reached XP level 9. HP: 35/79 MP: 4/4
  5463 | D:6      | Noticed Blork the orc
  5475 | D:6      | Killed Blork the orc
  5484 | D:6      | Found an iron altar of Okawaru.
  5582 | D:7      | Found Gieh's Weapon Shop.
  5595 | D:7      | Reached skill level 5 in Bows
  5773 | D:7      | Found Hubrol's General Store.
  5775 | D:7      | Found Neac's General Store.
  5794 | D:7      | Bought 25 bolts for 75 gold pieces
  5794 | D:7      | Bought 12 bolts for 36 gold pieces
  5971 | D:7      | Reached skill level 6 in Bows
  6107 | D:7      | Found a staircase to the Ecumenical Temple.
  6115 | D:7      | Found Bebbaetz's General Store.
  6143 | D:7      | Bought 22 arrows for 70 gold pieces
  6313 | D:7      | Reached skill level 5 in Fighting
  6383 | D:7      | Found Naomp's Magic Scroll Shop.
  6398 | D:7      | Bought a scroll of enchant weapon for 82 gold pieces
  6652 | D:8      | Reached skill level 7 in Bows
  6661 | D:8      | Reached XP level 10. HP: 69/88 MP: 4/4
  7032 | D:8      | Got a crude war axe
  7323 | D:9      | Reached skill level 8 in Bows
  7489 | D:9      | Identified the +10 war axe of Unaeckun {flame, +Inv rPois
                  | MR++} (You found it on level 8 of the Dungeon)
  7541 | D:9      | Got a transparent golden ring
  7640 | D:9      | Found an ornate altar of the Wu Jian Council.
  7825 | D:9      | Got a polished flail
  7886 | D:10     | Entered Level 10 of the Dungeon
  7902 | D:10     | Noticed a two-headed ogre
  7923 | D:10     | Killed a two-headed ogre
  7923 | D:10     | Reached skill level 9 in Bows
  7923 | D:10     | Reached skill level 5 in Armour
  7923 | D:10     | Reached skill level 5 in Dodging
  8004 | D:10     | Found a staircase to the Lair.
  8023 | D:10     | Found Isonob's Magic Scroll Shop.
  8066 | D:10     | Reached XP level 11. HP: 46/97 MP: 4/4
  8465 | D:10     | Found a runed translucent door.
  8465 | D:10     | Noticed a deep troll
  8465 | D:10     | Noticed a phantasmal warrior
  8469 | D:10     | Noticed a stone giant
  8469 | D:10     | Noticed a stone giant
  8469 | D:10     | Noticed a fire dragon
  8469 | D:10     | Noticed a stone giant
  8470 | D:10     | Noticed a wolf spider
  8470 | D:10     | a water nymph changed into a wolf spider
  8471 | D:10     | a wolf spider changed into a merfolk
  8943 | D:7      | Bought the +6 chain mail "Jeicetusch" {Regen+ MP+9 Dex-2}
                  | for 843 gold pieces
  8943 | D:7      | Identified the ring of Doicitips {+Fly rElec rF+ rN++ Int-4
                  | Dex+3} (You found it on level 9 of the Dungeon)
  9181 | Temple   | Entered the Ecumenical Temple
  9344 | D:11     | Found an opulent altar of Gozag.
  9388 | D:11     | Noticed a two-headed ogre
  9395 | D:11     | Killed a two-headed ogre
  9407 | D:11     | Found a sparkling altar of Nemelex Xobeh.
  9771 | D:11     | Reached skill level 10 in Bows
  9854 | D:11     | Gained mutation: Armour fits poorly on your strangely
                  | shaped body. [potion of mutation]
  9854 | D:11     | Gained mutation: You are somewhat resistant to further
                  | mutation. [potion of mutation]
 10266 | D:11     | Noticed a wizard
 10269 | D:11     | Noticed a five-headed hydra
 10288 | D:11     | Killed a four-headed hydra
 10303 | D:11     | Killed a wizard
 10409 | D:11     | Got a warped plate armour
 10411 | D:11     | Got a jewelled chain mail
 10510 | D:10     | Bought a scroll of identify for 26 gold pieces
 10510 | D:10     | Bought a scroll of identify for 26 gold pieces
 10510 | D:10     | Identified the +3 plate armour "Arug" {*Drain rN+++ Int+4
                  | Stlth-} (You found it on level 11 of the Dungeon)
 10511 | D:10     | Identified the +4 chain mail of the Enchanted Forest {rF+
                  | Dex+6} (You found it on level 11 of the Dungeon)
 10564 | D:12     | Noticed a brown ugly thing
 10571 | D:12     | Killed a brown ugly thing
 10571 | D:12     | Reached skill level 5 in Axes
 10691 | D:12     | Noticed Snorg
 10705 | D:12     | Killed Snorg
 10722 | D:12     | Noticed Rupert
 10736 | D:12     | Killed Rupert
 10736 | D:12     | Reached skill level 11 in Bows
 10736 | D:12     | Reached XP level 12. HP: 29/109 MP: 3/3
 10804 | D:12     | Found a shadowy altar of Dithmenos.
 10922 | D:12     | Found a staircase to the Orcish Mines.
 11631 | Lair:1   | Entered Level 1 of the Lair of Beasts
 11666 | Lair:1   | Found a dark tunnel.
 11679 | Volcano  | Entered a volcano
 12215 | Lair:1   | Noticed a four-headed hydra
 12227 | Lair:1   | Killed a four-headed hydra
 13034 | Lair:2   | Noticed a four-headed hydra
 13040 | Lair:2   | Killed a one-headed hydra
 13040 | Lair:2   | Reached XP level 13. HP: 48/117 MP: 1/1
 13077 | Lair:2   | Bought the amulet of Quginwil {Reflect rPois SH+4 SInv} for
                  | 678 gold pieces
 13126 | Lair:2   | Reached skill level 12 in Bows
 14007 | Lair:2   | HP: 4/118 [death yak (15)]
 14146 | Lair:3   | Found a staircase to the Shoals.
 14156 | Shoals:1 | Entered Level 1 of the Shoals
 14166 | Shoals:1 | Noticed a merfolk impaler
 14407 | Lair:3   | HP: 2/118 [acid (10)]
 14441 | Lair:3   | Identified a scroll of acquirement
 14821 | Temple   | Fell from the grace of Gozag
 14821 | Temple   | Became a worshipper of Makhleb the Destroyer
 15131 | D:7      | Bought a scroll of magic mapping for 38 gold pieces
 15131 | D:7      | Bought a scroll of magic mapping for 38 gold pieces
 15131 | D:7      | Bought a scroll of magic mapping for 38 gold pieces
 15583 | Lair:3   | Got a smoking long sword
 15756 | Lair:3   | Identified the Volume of the Rocks and Aid
 15847 | Lair:3   | HP: 3/118 [yak (8)]
 15848 | Lair:3   | Slain by a yak

Skill      XL: |  1  2  3  4  5  6  7  8  9 10 11 12 13 |
---------------+----------------------------------------+-----
Crossbows      | 5 6 7 |  7.3
Fighting       | 2 3 4 5 7 8 |  8.7
Armour         | 1 2 3 4 5 6 7 8 |  8.1
Short Blades   | 1 2 |  2.3
Dodging        | 3 4 5 |  5.5
Axes           | 2 4 5 8 9 |  9.0
Throwing       | 1 |  1.2
Bows           | 4 7 9 11 12 | 12.8
Stealth        | 2 3 |  3.4
Evocations     | |  0.1

Action                   |  1- 3 |  4- 6 |  7- 9 | 10-12 | 13-15 || total
-------------------------+-------+-------+-------+-------+-------++-------
Melee: Short sword       |    30 |   246 |       |       |       ||   276
       Hand axe          |       |       |   123 |     5 |       ||   128
       War axe           |       |       |       |   134 |    39 ||   173
 Fire: Hand crossbow     |    58 |   111 |     7 |       |       ||   176
       Shortbow          |       |       |   222 |   494 |   221 ||   937
Throw: Stone             |       |    15 |    16 |       |       ||    31
Invok: Potion Petition   |       |       |       |     1 |     1 ||     2
       Call Merchant     |       |       |       |       |     1 ||     1
 Abil: Heal Wounds       |       |     4 |     5 |    16 |     2 ||    27
       Evoke Blink       |       |       |       |       |     1 ||     1
Evoke: Wand              |       |       |       |     1 |       ||     1
  Use: Potion            |       |     9 |     7 |    18 |     6 ||    40
       Scroll            |       |     6 |    13 |    10 |     6 ||    35
 Stab: Distracted        |       |       |       |     4 |       ||     4
  Eat: Chunk             |       |     2 |       |       |       ||     2
       Ration            |       |     2 |     3 |     6 |     4 ||    15
Armor: Leather armour    |     2 |       |       |       |       ||     2
       Ring mail         |    24 |   136 |    60 |    48 |       ||   268
       Skin              |       |    14 |       |       |    12 ||    26
       Chain mail        |       |       |       |    95 |    39 ||   134
Dodge: Dodged            |    39 |   389 |   116 |   165 |    44 ||   753
Block: Other             |       |       |       |       |    11 ||    11
       Reflection        |       |       |       |       |     1 ||     1
